AoeStats
← Mommy ;D

Arabia

510156228Analyzed
1v1 RM · 3d ago on Sep 29, 2026· 41m 47s· 2 players
Game mode
Random Map
Map size
Tiny (2 player)
Population
200
Speed
Normal
Resources
Standard
Victory
Conquest
Starting age
Dark Age
Ending age
Imperial Age
RankedLock teamsTeams togetherTeam positionsShared explorationLock speedFull tech treeHidden civsTurbo modeCheats
Victory
Defeat
🇸🇰 Danes · Slovakia
834
+16
🇭🇷 Malians · Croatia
839
-16
Zwanno
7:06 Loom
10:16 Feudal Age
11:24 Double-Bit Axe
11:30 Man-at-Arms
11:57 Arson
22:23 Castle Age
20:19 Horse Collar
21:18 Forging
22:37 Scale Mail Armor
23:58 Gambesons
23:35 Long Swordsman
26:23 Bow Saw
27:49 Chain Mail Armor
30:30 Wheelbarrow
31:35 Squires
33:32 Heavy Plow
35:19 Fletching
37:02 Town Watch
37:24 Hamask
40:58 Imperial Age
38:25 Gold Mining
41:02 Bodkin Arrow
Mommy ;D
5:51 Loom
9:06 Feudal Age
11:01 Double-Bit Axe
14:52 Wheelbarrow
17:12 Horse Collar
22:26 Castle Age
24:16 Heavy Plow
25:15 Bow Saw
25:42 Hand Cart
25:23 Stone Mining
40:27 Imperial Age
40:52 Tigui
Connection lost

Rejoining the realm…

Still unreachable

The connection could not be restored.

Session expired

The server has moved on; the page needs a fresh start.